 Dungeon Crawl Stone Soup version 0.26-a0-30-g56b8cd3df0 (webtiles) character file.

Game seed: 8181978376818784693, levelgen mode: deterministic

2079 Gwenloh the Ruffian (level 9, -13/72 HPs)
             Began as a Grey Draconian Transmuter on June 2, 2020.
             Was a Believer of Uskayaw.
             Mangled by Joseph
             ... wielding a +0 quarterstaff
              (18 damage)
             ... on level 7 of the Dungeon.
             The game lasted 00:29:15 (6866 turns).

Gwenloh the Ruffian (Grey Draconian Transmuter)     Turns: 6866, Time: 00:29:16

Health: -13/72     AC:  2    Str: 20    XL:     9   Next: 6%
Magic:  13/15      EV: 22    Int: 16    God:    Uskayaw [**....]
Gold:   318        SH:  0    Dex: 16    Spells: 6/16 levels left

rFire    . . .     SeeInvis .     - Unarmed
rCold    . . .     Gourm    .   (shield currently unavailable)
rNeg     . . .     Faith    .   (armour unavailable)
rPois    x         Spirit   .   (helmet currently unavailable)
rElec    .         Reflect  .   (cloak currently unavailable)
rCorr    .         Harm     .   (gloves currently unavailable)
MR       .....                  (boots currently unavailable)
Stlth    +.........             (no amulet)
HPRegen  0.22/turn              x - +6 ring of strength
MPRegen  0.14/turn              (no ring)

@: spider-form
A: tiny, (walk through water), unfitting armour, AC +12
a: End Transformation, Stomp, Line Pass, Renounce Religion


You were on level 7 of the Dungeon.
You worshipped Uskayaw.
Uskayaw was noncommittal.
You were not hungry.
You were a venomous arachnid creature.
You visited 1 branch of the dungeon, and saw 7 of its levels.

You collected 318 gold pieces.

Inventory:

Hand Weapons
 a - a +0 shortbow
 h - a +0 hunting sling
Missiles
 f - 261 stones
 i - 5 throwing nets
 m - 36 bolts
 o - 74 arrows
 p - 120 sling bullets
 t - 7 boomerangs
 y - 27 poisoned darts (quivered)
 E - 5 javelins
Armour
 l - a +0 pair of gloves (melded)
 r - a +1 cloak of stealth (melded)
Jewellery
 x - a +6 ring of strength (left front leg)
Scrolls
 d - 3 scrolls of remove curse
 g - 2 scrolls of enchant weapon
 q - 4 scrolls of teleportation
 v - a scroll of fear
 A - a scroll of immolation
 F - a scroll of blinking {unknown}
Potions
 b - 3 potions of brilliance
 e - 6 potions of lignification
 j - a potion of flight {unknown}
 k - a potion of stabbing {unknown}
 n - 5 potions of curing {unknown}
 s - a potion of might {unknown}
 u - a potion of degeneration {unknown}
 w - a potion of cancellation {unknown}
 z - a potion of haste {unknown}
 B - a potion of resistance {unknown}
 C - a potion of ambrosia {unknown}
Comestibles
 c - 17 rations
 D - 12 chunks of flesh


   Skills:
 + Level 4.4 Fighting
 + Level 1.7 Bows
 + Level 4.0 Dodging
 * Level 6.5 Unarmed Combat
 + Level 4.2 Spellcasting
 * Level 6.0 Transmutations
 + Level 0.1 Ice Magic
 - Level 3.5 Poison Magic
 + Level 2.0 Invocations


You had 6 spell levels left.
You knew the following spells:

 Your Spells              Type           Power        Failure   Level  Hunger
a - Beastly Appendage     Tmut           ###...       6%          1    None
b - Sticks to Snakes      Tmut           ###.....     8%          2    ##.....
c - Spider Form           Tmut/Pois      ###.......   19%         3    ###....
d - Ice Form              Ice/Tmut       ##......     65%         4    ####...

Your spell library contained the following spells:

 Spells                   Type           Power        Failure   Level  Hunger
 Blade Hands              Tmut           ###.......   58%         5    ######.


Dungeon Overview and Level Annotations

Branches:
Dungeon (7/15)             Temple (0/1) D:6

Altars:
Fedhas
Hepliaklqana
Okawaru
Trog
Uskayaw
Wu Jian
Xom

Shops:
D:5 :

Annotations:
D:3 2 transporters
D:7 Joseph


Innate Abilities, Weirdness & Mutations

((You can walk through water.))
((Your dull iron-grey scales are very hard. (AC +12)))
You cannot fit into any form of body armour.
((You can survive without breathing.))
((You are cold-blooded and may be slowed by cold attacks.))


Message History

You barely miss Joseph.
Joseph is moderately wounded.
The worker ant zombie barely misses you.
Unknown command.
You barely miss Joseph.
Joseph is moderately wounded.
Joseph hits you with a +0 quarterstaff.
* * * LOW HITPOINT WARNING * * *
The worker ant zombie misses you.
You bite Joseph!
Joseph looks as sick as possible!
Joseph is heavily wounded.
The worker ant zombie closely misses you.
Joseph barely misses you.
You can now pass through a line of other dancers.
You closely miss Joseph.
Joseph is heavily wounded.
The worker ant zombie misses you. Joseph hits you with a +0 quarterstaff!
* * * LOW HITPOINT WARNING * * *
Joseph hits you with a +0 quarterstaff!!
You die...

#..............
......#
##.............
......
#((............
#..:
##.(..........#
#...([........##
##...............
#......(.........
#.#.#...(...[....
#..#.....Zs.......
#.###....@........
.. #.............!
#.<....=.......
....>...........
##..............
#......).######
#........#


You could see Joseph (extremely poisoned) and a worker ant zombie.

Vanquished Creatures
  Pikel (D:6)
  A phantom (D:6)
  A centaur (D:5)
  3 ogres
  7 scorpions
  A howler monkey (D:6)
  A quasit (D:6)
  5 hounds
  Crazy Yiuf (D:2)
  4 orc wizards
  Jessica (D:3)
  An iguana (D:6)
  Terence (D:2)
  2 worker ants
  A hound zombie (D:6)
  2 worker ant zombies
  7 adders
  A river rat (D:3)
  A shadow imp (D:4)
  5 worms
  2 dart slugs
  4 leopard geckos
  12 orcs
  14 bats
  8 giant cockroaches
  4 goblins
  5 hobgoblins
  12 jackals
  A kobold (D:2)
  2 quokkas
  3 ball pythons
  7 frilled lizards
  A leopard gecko skeleton (D:5)
  A leopard gecko zombie (D:5)
  4 rats
127 creatures vanquished.

Vanquished Creatures (collateral kills)
  Eustachio (D:4)
  A scorpion (D:3)
  A hobgoblin (D:3)
  2 frilled lizards
5 creatures vanquished.

Grand Total: 132 creatures vanquished

Notes
Turn   | Place    | Note
-------+----------+-------------------------------------------
     0 | D:1      | Gwenloh the Draconian Transmuter began the quest for the
                  | Orb.
     0 | D:1      | Reached XP level 1. HP: 16/16 MP: 3/3
   326 | D:1      | Reached XP level 2. HP: 23/23 MP: 3/5
   330 | D:1      | Learned a level 2 spell: Sticks to Snakes
  1030 | D:2      | Reached XP level 3. HP: 28/28 MP: 4/6
  1035 | D:2      | Learned a level 3 spell: Spider Form
  1139 | D:2      | Noticed Terence
  1150 | D:2      | Killed Terence
  1253 | D:2      | Reached XP level 4. HP: 21/36 MP: 7/7
  1854 | D:2      | Reached skill level 1 in Poison Magic
  1855 | D:2      | Found a hazy altar of Hepliaklqana.
  2052 | D:2      | Found a runed translucent door.
  2053 | D:2      | Noticed Crazy Yiuf
  2167 | D:2      | Killed Crazy Yiuf
  2167 | D:2      | Reached XP level 5. HP: 35/41 MP: 2/8
  2299 | D:3      | Found a transporter.
  2420 | D:3      | Found a transporter.
  2523 | D:3      | Found a bloodstained altar of Trog.
  2646 | D:3      | Noticed Jessica
  2658 | D:3      | Killed Jessica
  3424 | D:4      | Noticed Eustachio
  3450 | D:4      | Killed Eustachio
  3450 | D:4      | Reached XP level 6. HP: 43/50 MP: 4/10
  3943 | D:4      | Found an iron altar of Okawaru.
  3961 | D:4      | Found an ornate altar of the Wu Jian Council.
  4090 | D:4      | Your scales start taking on a dull iron-grey colour.
  4090 | D:4      | Reached XP level 7. HP: 38/56 MP: 8/11
  4090 | D:4      | Gained mutation: You can survive without breathing. [Grey
                  | Draconian growth]
  4442 | D:5      | Entered Level 5 of the Dungeon
  4508 | D:5      | Reached skill level 5 in Unarmed Combat
  4514 | D:5      | Learned a level 4 spell: Ice Form
  4518 | D:5      | Found Cuhycuonn's Book Boutique.
  4572 | D:5      | Found a shimmering altar of Xom.
  4572 | D:5      | Found a shimmering altar of Xom.
  4603 | D:5      | Found a shimmering altar of Xom.
  4603 | D:5      | Found a shimmering altar of Xom.
  4603 | D:5      | Found a shimmering altar of Xom.
  4603 | D:5      | Found a shimmering altar of Xom.
  5127 | D:6      | Found a blossoming altar of Fedhas.
  5261 | D:6      | Reached skill level 5 in Transmutations
  5261 | D:6      | Reached XP level 8. HP: 63/63 MP: 13/13
  5293 | D:6      | Found a hide-covered altar of Uskayaw.
  5370 | D:6      | Became a worshipper of Uskayaw the Reveler
  5415 | D:6      | Reached * piety under Uskayaw
  5428 | D:6      | Reached ** piety under Uskayaw
  5623 | D:6      | Found a staircase to the Ecumenical Temple.
  5682 | D:6      | Reached *** piety under Uskayaw
  5938 | D:6      | Reached skill level 1 in Bows
  6125 | D:6      | Reached skill level 1 in Invocations
  6159 | D:6      | Found the +7 Singing Sword {vorpal, sonic wave}
  6378 | D:6      | Noticed Pikel
  6396 | D:6      | Killed Pikel
  6396 | D:6      | Reached XP level 9. HP: 55/72 MP: 12/15
  6853 | D:7      | Noticed Joseph
  6866 | D:7      | Mangled by Joseph

Illustrated notes

Levels and vault maps discovered:
D:1:      nzn_arrival_water_spiral, layout_basic, bh_walls_and_bars
D:2:      layout_rooms, nicolae_overflow_crystal_walls, serial_forest,
          infiniplex_forest_pool, infiniplex_forest_lined_2,
          infiniplex_forest_straight_2, infiniplex_forest_lined_ring,
          infiniplex_forest_corner_1, infiniplex_forest_straight_2,
          infiniplex_forest_end_1, infiniplex_forest_end_1,
          infiniplex_forest_straight_3, first_ration, minmay_pentomino_p4,
          uniq_terence, uniq_crazy_yiuf_cottage
D:3:      gammafunk_steamed_eel, layout_loops_ring,
          lemuel_coloured_pillars_altar, gup_sewer_entry_bowl, uniq_jessica
D:4:      layout_gridville, minitemple, uniq_eustachio
D:5:      layout_rooms, serial_shops, shop, xom_redecorated
D:6:      old_forge, layout_basic, fedhas_ov_isle_minmay,
          eat_drink_and_be_merry_uskayaw, minmay_temple_entry_crystal_x,
          uniq_pikel
D:7:      minmay_the_grid_triangle_9x9_rhombus_thin
          [minmay_the_grid_triangle_9x9_warning,
          minmay_the_grid_triangle_9x9_prize_top_heavy,
          minmay_the_grid_triangle_9x9_cache,
          minmay_the_grid_triangle_9x9_flanged_cone], layout_basic, uniq_joseph

Skill      XL: |  1  2  3  4  5  6  7  8 |
---------------+-------------------------+-----
Dodging        | 2 3 4 |  4.0
Transmutations | 3 4 5 6 |  6.0
Poison Magic   | 1 2 3 |  3.5
Fighting       | 2 3 4 |  4.4
Unarmed Combat | 4 5 6 |  6.5
Spellcasting   | 3 4 |  4.2
Bows           | 1 |  1.7
Invocations    | 2 |  2.0
Ice Magic      | |  0.1

Action                   |  1- 3 |  4- 6 |  7- 9 || total
-------------------------+-------+-------+-------++-------
Melee: Unarmed           |    93 |   161 |   181 ||   435
       Kick              |     6 |    14 |    12 ||    32
       Tailslap          |     7 |     8 |    16 ||    31
       Headbutt          |    10 |     9 |     9 ||    28
       Punch             |       |     2 |     1 ||     3
 Fire: Shortbow          |       |       |    68 ||    68
       Hunting sling     |       |       |     4 ||     4
Throw: Stone             |    26 |    18 |       ||    44
       Boomerang         |       |    14 |    22 ||    36
       Dart              |       |       |    26 ||    26
 Cast: Beastly Appendage |    21 |    26 |    16 ||    63
       Sticks to Snakes  |     1 |     8 |     2 ||    11
       Spider Form       |       |     2 |     7 ||     9
Invok: Line Pass         |       |       |     2 ||     2
  Use: Scroll            |       |     4 |     3 ||     7
 Stab: Sleeping          |       |     1 |       ||     1
       Confused          |       |       |     1 ||     1
  Eat: Chunk             |     2 |    10 |     8 ||    20
       Ration            |       |       |     1 ||     1
Armor: Skin              |    33 |    49 |    69 ||   151
Dodge: Dodged            |    64 |    82 |   143 ||   289

Table legend:
 A = Non-vault XP
 B = Vault XP
 C = Vault XP percentage of total XP
 D = Non-vault monster count
 E = Vault monster count
 F = Vault count percentage of total count
                 A         B        C        D         E       F
            +---------+---------+-------+---------+---------+-------
      Total |    1577 |    1393 |  46.9 |     109 |      23 |  17.4
            +---------+---------+-------+---------+---------+-------
        D:1 |      28 |       0 |   0.0 |      17 |       0 |   0.0
        D:2 |      60 |     112 |  65.1 |      19 |       4 |  17.4
        D:3 |      78 |      55 |  41.4 |      16 |       4 |  20.0
        D:4 |     276 |     176 |  38.9 |      17 |       1 |   5.6
        D:5 |     472 |       0 |   0.0 |      19 |       0 |   0.0
        D:6 |     579 |    1050 |  64.5 |      15 |      14 |  48.3
        D:7 |      84 |       0 |   0.0 |       6 |       0 |   0.0
            +---------+---------+-------+---------+---------+-------
